 Dungeon Crawl Stone Soup version 0.23.2-1-ga50397a (webtiles) character file.

Game seed: 7726766873656554715

25 MalarOregon the Magician (level 3, -2/24 HPs)
             Began as a Merfolk Wizard on May 26, 2019.
             Slain by a hobgoblin (3 damage)
             ... on level 2 of the Dungeon.
             The game lasted 00:04:34 (1446 turns).

MalarOregon the Magician (Merfolk Wizard)           Turns: 1446, Time: 00:04:35

Health: -2/24      AC:  3    Str:  7    XL:     3   Next: 4%
Magic:  0/7        EV: 13    Int: 18    God:
Gold:   67         SH:  0    Dex: 12    Spells: 3/8 levels left

rFire    . . .     SeeInvis .   g - +0 dagger
rCold    . . .     Gourm    .   (no shield)
rNeg     . . .     Faith    .   a - +0 robe
rPois    .         Spirit   .   b - +0 hat
rElec    .         Reflect  .   c - +0 cloak
rCorr    .         Harm     .   (no gloves)
MR       .....                  (no boots)
Stlth    ++........             (no amulet)
HPRegen  0.08/turn              (no ring)
MPRegen  0.10/turn              (no ring)

@: no status effects
A: change form in water, swift swim, stealthy swim
a: no special abilities


You were on level 2 of the Dungeon.
You were hungry.

You visited 1 branch of the dungeon, and saw 2 of its levels.

You collected 67 gold pieces.

Inventory:

Hand Weapons
 g - a +0 dagger (weapon)
   (You took it off a kobold on level 1 of the Dungeon)
Armour
 a - a +0 robe (worn)
 b - a +0 hat (worn)
 c - a +0 cloak (worn)
   (You found it on level 1 of the Dungeon)
Scrolls
 f - 2 scrolls of identify {unknown}
 j - 2 scrolls of enchant weapon {unknown}
 k - a scroll of fog {unknown}
 l - a scroll of noise {unknown}
 m - a scroll of remove curse {unknown}
Potions
 d - 2 potions of curing {unknown}
 h - a potion of cancellation {unknown}
 i - a potion of flight {unknown}
Comestibles
 e - 4 rations {!d}


   Skills:
 - Level 3.0 Dodging
 + Level 2.8 Stealth
 + Level 3.2 Spellcasting
 + Level 1.3 Conjurations
 - Level 1.0 Summonings
 - Level 0.7 Translocations


You had 3 spell levels left.
You knew the following spells:

 Your Spells              Type           Power        Failure   Level  Hunger
a - Magic Dart            Conj           #...         9%          1    None
b - Blink                 Tloc           N/A          19%         2    ##.....
x - Call Imp              Summ           #.......     16%         2    ##.....

Your spell library contained the following spells:

 Spells                   Type           Power        Failure   Level  Hunger
 Slow                     Hex            #.......     24%         2    ##.....
 Conjure Flame            Conj/Fire      #.......     34%         3    ###....
 Mephitic Cloud           Conj/Pois/Air  #.......     36%         3    ###....


Dungeon Overview and Level Annotations

Branches:
Dungeon (2/15)

Altars:

Annotations:
D:1 exclusion: jackal
D:2 exclusion: jackal


Message History

Aim: a hobgoblin, wearing a +0 robe The magic dart hits the hobgoblin but does no damage.
You barely miss the hobgoblin. The hobgoblin closely misses you.
You hit the hobgoblin but do no damage. The hobgoblin misses you.
You hit the hobgoblin but do no damage. The hobgoblin hits you.
You barely miss the hobgoblin. The hobgoblin barely misses you.
You barely miss the hobgoblin. The hobgoblin hits you.
You hit the hobgoblin but do no damage. The hobgoblin hits you.
You hit the hobgoblin but do no damage. The hobgoblin hits you.
You barely miss the hobgoblin. The hobgoblin barely misses you.
A beastly little devil appears in a puff of flame.
The hobgoblin hits you but does no damage.
You hit the hobgoblin. The hobgoblin barely misses you.
Your crimson imp closely misses the hobgoblin.
You hit the hobgoblin. The hobgoblin closely misses you.
Your crimson imp blinks!
You barely miss the hobgoblin. The hobgoblin hits you.
* * * LOW HITPOINT WARNING * * *
You barely miss the hobgoblin. The hobgoblin barely misses you.
Your crimson imp blinks!
You hit the hobgoblin but do no damage. The hobgoblin hits you.
* * * LOW HITPOINT WARNING * * *
Your crimson imp blinks!
You hit the hobgoblin but do no damage. The hobgoblin closely misses you.
You hit the hobgoblin. The hobgoblin closely misses you.
You hit the hobgoblin but do no damage. The hobgoblin misses you.
You hit the hobgoblin but do no damage. The hobgoblin hits you.
* * * LOW HITPOINT WARNING * * *
Your crimson imp blinks!
You closely miss the hobgoblin. The hobgoblin barely misses you.
You barely miss the hobgoblin. The hobgoblin barely misses you.
You hit the hobgoblin but do no damage. The hobgoblin barely misses you.
You hit the hobgoblin but do no damage. The hobgoblin misses you.
You barely miss the hobgoblin. The hobgoblin closely misses you.
The hobgoblin barely misses your crimson imp.
Your crimson imp hits the hobgoblin but does no damage.
The hobgoblin hits your crimson imp.
Your crimson imp disappears in a puff of smoke!
You barely miss the hobgoblin. The hobgoblin hits you.
* * * LOW HITPOINT WARNING * * *
Aim: a hobgoblin, wearing a +0 robe (almost dead)
The magic dart hits the hobgoblin but does no damage.
The hobgoblin hits you but does no damage.
Aim: a hobgoblin, wearing a +0 robe (almost dead)
The magic dart hits the hobgoblin but does no damage.
The hobgoblin closely misses you.
You closely miss the hobgoblin. The hobgoblin barely misses you.
You hit the hobgoblin but do no damage. The hobgoblin barely misses you.
The hobgoblin hits you.
You die...

###########.# ....##
#.........#.#####....
#....####.#<....#†.# #....#
#.#.###'#..# #.####
#.#........# #.#
#.#........#
#.#######.#........#
..........#........#######.
..#########.####@..........
[.....# #.#...g......)...
......# #.###............
......# #.###...........#
......# #.#.........#..?.
......# #.#.####### ###
####### #.#. # # #. # #.


You could see a hobgoblin.

Vanquished Creatures
  An ooze (D:2)
  2 bats
  4 giant cockroaches
  A hobgoblin (D:1)
  3 jackals (D:2)
  A frilled lizard (D:1)
  2 goblins (D:2)
  2 kobolds (D:1)
16 creatures vanquished.

Vanquished Creatures (collateral kills)
  A worm (D:2)
1 creature vanquished.

Vanquished Creatures (others)
  11 toadstools (D:2)
11 creatures vanquished.

Grand Total: 28 creatures vanquished

Notes
Turn   | Place    | Note
-------+----------+-------------------------------------------
     0 | D:1      | MalarOregon the Merfolk Wizard began the quest for the Orb.
     0 | D:1      | Reached XP level 1. HP: 13/13 MP: 4/4
   279 | D:1      | Reached skill level 1 in Conjurations
   360 | D:1      | Reached XP level 2. HP: 15/19 MP: 0/6
   755 | D:2      | Learned a level 2 spell: Call Imp
   758 | D:2      | Learned a level 2 spell: Blink
  1342 | D:2      | Reached XP level 3. HP: 24/24 MP: 3/7
  1440 | D:2      | HP: 1/24 [hobgoblin (3)]
  1446 | D:2      | Slain by a hobgoblin

Skill      XL: |  1  2 |
---------------+-------+-----
Conjurations   | 1 |  1.3
Dodging        | 3 |  3.0
Stealth        | |  2.8
Spellcasting   | |  3.2
Summonings     | |  1.0
Translocations | |  0.7

Action                   || total
-------------------------++-------
Melee: Unarmed           ||    21
       Dagger            ||    65
 Cast: Magic Dart        ||    43
       Call Imp          ||     5
 Stab: Sleeping          ||     1
  Eat: Chunk             ||     1
Armor: Robe              ||    16
Dodge: Dodged            ||    61
